 Dungeon Crawl Stone Soup version 0.30.2 (webtiles) character file.

Game seed: 17540991452150413462

784 porpoise the Shooter (level 8, -3/61 HPs)
             Began as a Human Hunter on Mar 10, 2024.
             Slain by a wyvern (12 damage)
             ... on level 5 of the Dungeon.
             The game lasted 00:18:10 (6162 turns).

porpoise the Shooter (Human Hunter)                 Turns: 6162, Time: 00:18:11

Health: -3/61      AC:  6    Str: 11    XL:     8   Next: 11%
Magic:  8/8        EV: 12    Int: 10    God:
Gold:   354        SH:  0    Dex: 19    Spells: 7/7 levels left

rFire   + . .        a - +0 shortbow
rCold   + . .        (shield currently unavailable)
rNeg    . . .        c - +0 leather armour
rPois   .            d - +0 helmet
rElec   .            B - +0 cloak
rCorr   .            t - +0 pair of gloves
SInv    .            (no boots)
Will    .....        (no amulet)
Stlth   +++          e - ring of protection from fire
HPRegen 0.30/turn    E - ring of protection from cold
MPRegen 0.11/turn

%: no passive effects
@: no status effects
A: no striking features
a: no special abilities


You were on level 5 of the Dungeon.
You visited 1 branch of the dungeon, and saw 6 of its levels.
You also visited: Ossuary.

You collected 354 gold pieces.

Inventory:

Hand Weapons
 a - a +0 shortbow (weapon)
 b - a +2 dagger of draining
 w - a +5 falchion
Missiles
 l - 3 poisoned darts
Armour
 c - a +0 leather armour (worn)
 d - a +0 helmet (worn)
 p - a +1 scale mail of willpower
 t - a +0 pair of gloves (worn)
 B - a +0 cloak (worn)
Jewellery
 e - a ring of protection from fire (left hand)
 E - a ring of protection from cold (right hand)
Wands
 A - a wand of light (9)
Scrolls
 i - 2 scrolls of magic mapping {unknown}
 j - 3 scrolls of immolation
 o - a scroll of butterflies
 r - a scroll of fear {unknown}
 s - 3 scrolls of teleportation
 u - a scroll of enchant armour {unknown}
 x - a scroll of enchant weapon {unknown}
 z - a scroll of fog {unknown}
Potions
 f - 3 potions of attraction
 g - 5 potions of curing
 h - 2 potions of cancellation
 k - 3 potions of mutation
 m - 2 potions of haste
 n - 2 potions of flight {unknown}
 q - a potion of might {unknown}
 v - a potion of magic {unknown}
 C - a potion of heal wounds
 D - a potion of resistance {unknown}
 F - a potion of berserk rage {unknown}


   Skills:
 + Level 4.5 Fighting
 * Level 7.3 Ranged Weapons
 - Level 2.0 Dodging
 + Level 4.5 Stealth


You had 7 spell levels left.
You didn't know any spells.
Your spell library contained the following spells:

 Spells                   Type           Power      Damage    Failure   Level
 Magic Dart               Conj           0%         1d3       45%         1
 Sandblast                Erth           0%         2d4       45%         1
 Call Imp                 Summ           0%         N/A       58%         2
 Passwall                 Tmut/Erth      0%         N/A       58%         2
 Searing Ray              Conj           0%         2d4       58%         2
 Mephitic Cloud           Conj/Pois/Air  0%         N/A       83%         3
 Stone Arrow              Conj/Erth      0%         3d7       83%         3
 Animate Armour           Summ/Erth      0%         N/A       99%         4
 Fulminant Prism          Conj/Hex       0%         3d5       99%         4
 Blade Hands              Tmut           0%         N/A       100%        5
 Iron Shot                Conj/Erth      0%         9d1       100%        6


Dungeon Overview and Level Annotations

Branches:
Dungeon (6/15)            Ossuary (visited)
 Temple: D:4-7

Altars:
Fedhas
Kikubaaqudgha
Makhleb
Okawaru
Ru
Vehumet
Wu Jian
Xom
Zin


Message History

As you read the scroll of identify, it crumbles to dust.
k - 3 potions of mutation
As you read the scroll of identify, it crumbles to dust.
h - 2 potions of cancellation
Okay, then.
Partly explored, can't reach some places.
(D) Dungeon
Where to? (Enter - D:4 @ (x,y), ? - help)
There is a stone staircase leading down here.
You climb downwards.
Found two stone staircases leading up.
There is a stone staircase leading up here.
There are monsters nearby!
You shoot an arrow. The arrow hits the wyvern.
The wyvern hisses angrily.
The wyvern is lightly wounded.
The hound bites you. The wyvern bites you. The hound closely misses you.
The wyvern bites you. The hound bites you. The wyvern barely misses you.
You climb upwards.
There is a stone staircase leading down here.
The wyvern bites you! The wyvern attacks as you move away!
The wyvern bites you! The hound attacks as you move away!
The hound bites you but does no damage. The wyvern bites you!
* * * LOW HITPOINT WARNING * * *
The hound barely misses you. The hound attacks as you move away!
The hound misses you. The wyvern barely misses you.
You shoot an arrow. The arrow hits the wyvern.
The wyvern is moderately wounded.
The wyvern bites you but does no damage. x2
You shoot an arrow. The arrow hits the wyvern.
The wyvern is heavily wounded.
The wyvern bites you!
* * * LOW HITPOINT WARNING * * *
You shoot an arrow. The arrow hits the wyvern!
The wyvern is severely wounded.
The wyvern bites you!
You die...

############ #..........#
#.########.# #.#......#.#
## #.#.####.#.######## .#
#.#...............# .#
#.####...#@#####.## .#
#.####.###l#.....# .#
#........#h#.######
.###########.#.#........#
................>...##.##
##########...#..........#
# #..........<#.## ##
#....#)...#.#.# .#
#....#......#.#


You could see a wyvern and a hound.

Vanquished Creatures
  An ogre (D:5)
  An elf zombie (Ossuary)
  A centaur zombie (Ossuary)
  Crazy Yiuf (D:5)
  A jelly (D:5)
  Terence (D:3)
  3 iguanas (D:5)
  An orc wizard (D:5)
  4 ogre zombies (Ossuary)
  8 mummies
  Robin (D:3)
  4 adders
  An adder zombie (Ossuary)
  A worm (D:3)
  14 dart slugs
  14 orcs
  15 endoplasms
  8 giant cockroaches
  12 goblins
  11 hobgoblins
  9 jackals
  6 kobolds
  7 quokkas
  7 ball pythons
  6 bats
  3 frilled lizards
  A gnoll zombie (Ossuary)
  5 goblin zombies (Ossuary)
  6 hobgoblin zombies
  4 kobold zombies (Ossuary)
  2 orc zombies
  A quokka zombie (Ossuary)
  5 rats
  6 rat zombies (Ossuary)
171 creatures vanquished.

Notes
Turn   | Place    | Note
-------+----------+-------------------------------------------
     0 | D:1      | porpoise the Human Hunter began the quest for the Orb.
     0 | D:1      | Reached XP level 1. HP: 16/16 MP: 1/1
    29 | D:1      | Reached XP level 2. HP: 15/22 MP: 2/2
   203 | D:1      | Reached XP level 3. HP: 27/28 MP: 3/3
   909 | D:2      | Reached XP level 4. HP: 34/34 MP: 4/4
  1501 | D:2      | Reached skill level 5 in Ranged Weapons
  1558 | D:3      | Noticed Terence
  1561 | D:3      | Reached XP level 5. HP: 26/40 MP: 5/5
  1673 | D:3      | Killed Terence
  1811 | D:3      | Noticed Robin
  1820 | D:3      | Killed Robin
  1992 | D:3      | Found an ornate altar of the Wu Jian Council.
  2466 | D:3      | Found a shimmering altar of Xom.
  2561 | D:3      | Reached XP level 6. HP: 47/47 MP: 6/6
  2620 | D:3      | Found a burning altar of Makhleb.
  2620 | D:3      | Found an ancient bone altar of Kikubaaqudgha.
  2695 | D:4      | Found a sand-covered staircase.
  2815 | Ossuary  | Entered an ossuary
  3070 | Ossuary  | Reached skill level 6 in Ranged Weapons
  3368 | Ossuary  | Reached XP level 7. HP: 15/53 MP: 7/7
  4028 | D:4      | Found a sacrificial altar of Ru.
  4261 | D:4      | Found a blossoming altar of Fedhas.
  4533 | D:4      | Found a radiant altar of Vehumet.
  4662 | D:5      | Entered Level 5 of the Dungeon
  4899 | D:5      | Found a glowing silver altar of Zin.
  5199 | D:5      | Reached skill level 7 in Ranged Weapons
  5436 | D:5      | Found an iron altar of Okawaru.
  5465 | D:5      | Reached XP level 8. HP: 45/61 MP: 8/8
  5599 | D:5      | Found a runed translucent door.
  5600 | D:5      | Noticed Crazy Yiuf
  5611 | D:5      | Killed Crazy Yiuf
  6152 | D:6      | Noticed a wyvern
  6162 | D:5      | Slain by a wyvern

Illustrated notes

Levels and vault maps discovered:
D:1:      ncdulo_lavacross, layout_loops_ring, minmay_tromino_v7
D:2:      layout_loops_ring, nicolae_figureground_pulse
D:3:      kennysheep_slugbush, layout_loops_ring,
          mainiacjoe_overflow_surrounded_room, lemuel_doored_altar,
          gammafunk_temple_overflow_pools, minmay_checkerbox, uniq_robin,
          uniq_terence
D:4:      layout_loops_ring, amcnicky_altar_gilded,
          mainiacjoe_overflow_cross_hatched, mainiacjoe_overflow_alcove_4,
          cheibrodos_sewer_entry_sluice, nicolae_ossuary_entry_giza
D:5:      layout_basic, lemuel_tele_altar, mainiacjoe_overflow_brackets,
          uniq_crazy_yiuf_cottage
D:6:      layout_loops_ring

Skill      XL: |  1  2  3  4  5  6  7 |
---------------+----------------------+-----
Stealth        | 2 3 4 |  4.5
Ranged Weapons | 5 6 7 |  7.3
Fighting       | 3 4 |  4.5
Dodging        | |  2.0

Action                     |  1- 3 |  4- 6 |  7- 9 || total
---------------------------+-------+-------+-------++-------
  Melee: Short sword       |     2 |    19 |       ||    21
         Dagger            |       |    10 |     7 ||    17
   Fire: Shortbow          |    99 |   280 |   194 ||   573
  Throw: Dart              |       |     1 |       ||     1
    Use: Scroll            |       |     5 |     5 ||    10
 Armour: Leather armour    |     5 |    32 |    19 ||    56
  Dodge: Dodged            |    29 |    81 |    61 ||   171
